Description

Info's in the VoD!

Written guide on TL

VOD

https://www.youtube.com/watch?v=hOZ-onNeEHw

Replay - stage 1 lingbane

Build Order

Get SALT Encoding   

  12  0:01  Drone  
  13  0:13  Overlord  
  13  0:17  Drone  
  14  0:31  Drone x3  
  17  0:51  Hatchery  
  17  0:55  Drone x2  
  18  1:10  Extractor  
  17  1:12  Spawning Pool  
  17  1:16  Drone x2  
  18  1:29  Drone  
  19  1:39  Overlord  
  20  2:00  Queen x2  
  23  2:01  Zergling x4  
  26  2:13  Metabolic Boost  
  30  2:38  Hatchery  
  31  2:47  Baneling Nest  
  33  3:02  Overlord  
  33  3:17  Zergling x16  
  43  3:42  Baneling x3  
  43  3:45  Overlord  
  49  4:08  Baneling x3  
  56  4:55  Baneling x4  
Spawning Tool Build Advisor. Get it on Overwolf

Go to:

Details

  • Created by: PiG      
  • Published on: Jun 02, 2017
  • Modified on: Jun 05, 2017
  • Patch: 3.8.0
Show
View Real Time Build Order
Export as new Build Order

Comments (3)

On March 8, 2021, 3:26 p.m., Dark_Avenger  said:

Hey PiG!

Gold 2 player here, I seem to lose my ZvZ's a good amount right now. I tend to go LingBane into Roach Hydra due to my opponents going into LingBaneMuta. Today is March 8th, 2021. What should I be doing? My opponent also said I should go LBMuta also. Also, if I did go LBMuta, how would I counter my opponent's LBMuta?

Thanks for your help!
Dark_Avenger

On June 9, 2017, 12:46 a.m., PiG  said:

From the Written TL Guide: "Note this build doesn't have any info about early pools. If you prefer to play pool-first for safety go ahead, just make sure your gas is no later than 1:10 and you can still follow the same sort of build order"

On June 7, 2017, 10:58 a.m., railgan  said:

I think a Gas/Pool/Hatch Opener would make more sense if you want to play a Ling Bane Allin as it is also saver versus early attacks.

I suppose you picked Hatch Gas Pool because it goes well with the follow up builds that you are creating?

Create an account to comment!